 Dungeon Sprint DCSS version 0.31-a0-931-g7b59d4eb97 (webtiles) character file.

Game seed: 12576450342059298750

637 rocky1 the Ducker (level 7, -5/58 HPs)
             Began as a Djinni Earth Elementalist on Oct 20, 2023.
             Was a High Priest of Makhleb.
             Slain by a flayed ghost (18 damage)
             ... in the Dungeon (Sprint VII: "The Pits").
             The game lasted 00:03:58 (1215 turns).

rocky1 the Ducker (Djinni Earth Elementalist)       Turns: 1215, Time: 00:03:58

Health: -5/58      AC:  2    Str:  9    XL:     7   Next: 79%
Gold:   0          EV: 15    Int: 16    God:    Makhleb [*****.] SH:  0 Dex: 14

rFire   + + .        l - +3 long sword (holy)
rCold   x . .        (no shield)
rNeg    . . .        a - +0 robe
rPois   ∞            (no helmet)
rElec   .            (no cloak)
rCorr   .            (no gloves)
SInv    .            (boots unavailable)
Will    .....        (no amulet)
Stlth   ++           (no ring)
HPRegen 0.29/turn    (no ring)
MPRegen 0.00/turn

%: no teleportation, infuse magic (-6 HP)
@: flying
A: sickness immunity, fire resistance 2, cold vulnerability 1, float, innate
caster, HP casting, extra vitality 1
a: Renounce Religion, Minor Destruction, Lesser Servant of Makhleb, Major
Destruction, Greater Servant of Makhleb


You were in the Dungeon.
You worshipped Makhleb.
Makhleb was extremely pleased with you.
You visited 1 branch

Inventory:

Hand Weapons
 j - a +2 falchion
 k - a +0 dagger of electrocution
 l - a +3 long sword of holy wrath (weapon)
Armour
 a - a +0 robe (worn)
Scrolls
 f - a scroll of blinking
 h - 2 scrolls of vulnerability
 i - a scroll of butterflies
Potions
 b - 6 potions of curing
 c - 3 potions of heal wounds
 d - a potion of haste
 e - 2 potions of berserk rage
 g - 2 potions of invisibility


   Skills:
 * Level 7.8 Fighting
 * Level 7.0 Long Blades
 + Level 7.9 Dodging
 - Level 2.1 Stealth
 * Level 6.5 Spellcasting
 * Level 6.5 Conjurations
 * Level 6.5 Hexes
   Level 0.0 Charms
 * Level 6.5 Summonings
 * Level 6.5 Necromancy
 * Level 6.5 Translocations
 * Level 6.5 Transmutations
 * Level 6.5 Fire Magic
 * Level 6.5 Ice Magic
 * Level 6.5 Air Magic
 * Level 6.5 Earth Magic
 * Level 6.5 Poison Magic
 + Level 3.6 Invocations


You knew the following spells:

 Your Spells              Type           Power      Damage    Failure   Level
a - Sandblast             Erth           52%        2d12      1%          1
b - Passwall              Tmut/Erth      21%        N/A       1%          2
c - Stone Arrow           Conj/Erth      52%        3d10      2%          3
d - Petrify               Tmut/Erth      26%        N/A       9%          4
e - Brom's Barrelling Bo  Conj/Erth      26%        2d5       9%          4
f - Shock                 Conj/Air       100%       1d9       1%          1
g - Searing Ray           Conj           52%        2d6       1%          2
h - Poisonous Vapours     Pois/Air       52%        N/A       1%          2
Your spell library was empty.

Dungeon Overview and Level Annotations

Branches:
Dungeon (1/1)

Altars:
Ashenzari
Cheibriados
Dithmenos
Elyvilon
Fedhas
Gozag
Hepliaklqana
Makhleb
Nemelex Xobeh
Okawaru
Qazlal
Ru
Trog
Uskayaw
Wu Jian
Xom
Yredelemnul
Zin
The Shining One
Jiyva
Lugonu


Innate Abilities, Weirdness & Mutations

You are immune to sickness and miasma.
You are immune to poison.
Your flesh is very heat resistant. (rF++)
You are vulnerable to cold. (rC-)
You float through the air rather than walking.
You learn spells naturally, not from books.
Your magical power is your life essence.
You have superior vitality. (+4 MHP)


Message History

Aim: a bat (moderately wounded, 74% to hit)
The blast of sand hits the bat!
You kill the bat!
Makhleb accepts your kill.
You feel better.
Aiming: Sandblast (safe; 1% risk of failure)
Press: ? - help, Q - select action, (/) - cycle Shift-Dir - straight line, f - flayed ghost
Aim: a flayed ghost (74% to hit)
The blast of sand hits the flayed ghost!
The flayed ghost is lightly damaged.
The flayed ghost barely misses you.
Aiming: Sandblast (safe; 1% risk of failure)
Press: ? - help, Q - select action, (/) - cycle Shift-Dir - straight line, f/p - flayed ghost
Aim: a flayed ghost (lightly damaged, 74% to hit)
The blast of sand hits the flayed ghost!
The flayed ghost is moderately damaged.
The flayed ghost hits you. The flayed ghost hits you!
You closely miss the flayed ghost.
The flayed ghost is moderately damaged.
The flayed ghost hits you.
You completely miss the flayed ghost.
You punch the flayed ghost, but do no damage.
The flayed ghost is moderately damaged.
The flayed ghost hits you!!
* * * LOW HITPOINT WARNING * * *
You slash the flayed ghost!
The flayed ghost convulses!
The flayed ghost is severely damaged.
The flayed ghost barely misses you.
You feel much better. The flayed ghost misses you.
You closely miss the flayed ghost.
The flayed ghost is severely damaged.
The flayed ghost hits you!!
* * * LOW HITPOINT WARNING * * *
You slash the flayed ghost!
The flayed ghost convulses!
The flayed ghost is almost destroyed.
The flayed ghost misses you.
You closely miss the flayed ghost.
The flayed ghost is almost destroyed.
The flayed ghost closely misses you. The flayed ghost hits you!!
You die...

###.##................+
...).'................+
'#####......#..#......#
.#..##................#
.#.)#####'#####')######
##.)##.......##''#
.#))##.......##..#
.#[[##.......##.)# #
.#'###...<...##.@# .##
....##.......##.W# W..#
....##.......##.†## ....t
######.......##...##......
.#.. ##########....'...c..
.#.# ### #...##...... .#)#
.h.# #..## ..... .#)#....#
#..# ...# .#.+...S+ #..#
C##


You could see a flayed ghost.

Vanquished Creatures
  A blink frog (D)
  A redback (D)
  A centaur (D)
  An ogre (D)
  2 orc priests (D)
  An orc wizard (D)
  3 gnolls (D)
  An adder (D)
  A river rat (D)
  2 ufetubi (D)
  4 orcs (D)
  A ball python (D)
  An endoplasm (D)
  2 goblins (D)
  A hobgoblin (D)
  A quokka (D)
  2 bats (D)
  A kobold (D)
  A quokka zombie (D)
28 creatures vanquished.

Notes
Turn   | Place    | Note
-------+----------+-------------------------------------------
     0 | D        | rocky1 the Djinni Earth Elementalist began the quest for
                  | the Orb.
     0 | D        | rocky1 set off with the following spells memorised:
                  | Sandblast, Passwall, Stone Arrow, Petrify, Brom's
                  | Barrelling Boulder.
     0 | D        | Reached XP level 1. HP: 15/15 MP: 0/0
    20 | D        | Found a bloodstained altar of Trog.
    20 | D        | Found a viscous altar of Jiyva.
    20 | D        | Found a hazy altar of Hepliaklqana.
    20 | D        | Found an opulent altar of Gozag.
    21 | D        | Found a glowing golden altar of the Shining One.
    21 | D        | Found a glowing silver altar of Zin.
    21 | D        | Found a basalt altar of Yredelemnul.
    21 | D        | Found a shimmering altar of Xom.
    21 | D        | Found an ornate altar of the Wu Jian Council.
    21 | D        | Found a sacrificial altar of Ru.
    21 | D        | Found a stormy altar of Qazlal.
    21 | D        | Found an iron altar of Okawaru.
    21 | D        | Found a sparkling altar of Nemelex Xobeh.
    21 | D        | Found a burning altar of Makhleb.
    21 | D        | Found a blossoming altar of Fedhas.
    21 | D        | Found a white marble altar of Elyvilon.
    21 | D        | Found a shadowy altar of Dithmenos.
    21 | D        | Found a snail-covered altar of Cheibriados.
    23 | D        | Found a corrupted altar of Lugonu.
    24 | D        | Found a hide-covered altar of Uskayaw.
    24 | D        | Found a broken altar of Ashenzari.
    34 | D        | Became a worshipper of Makhleb the Destroyer
    85 | D        | Reached skill level 1 in Fighting
    85 | D        | Reached skill level 1 in Long Blades
    85 | D        | Reached XP level 2. HP: 13/22 MP: 0/0
   227 | D        | Reached * piety under Makhleb
   255 | D        | Reached ** piety under Makhleb
   256 | D        | Reached XP level 3. HP: 19/29 MP: 0/0
   256 | D        | Learned a level 1 spell: Shock
   261 | D        | Reached XP level 4. HP: 35/35 MP: 0/0
   264 | D        | Reached skill level 5 in Dodging
   269 | D        | Reached *** piety under Makhleb
   529 | D        | Noticed a centaur
   542 | D        | Killed a centaur
   543 | D        | Reached skill level 5 in Fighting
   543 | D        | Reached XP level 5. HP: 28/43 MP: 0/0
   543 | D        | Learned a level 2 spell: Searing Ray
   547 | D        | Reached **** piety under Makhleb
   554 | D        | Reached skill level 5 in Spellcasting
   554 | D        | Reached skill level 5 in Conjurations
   554 | D        | Reached skill level 5 in Hexes
   554 | D        | Reached skill level 5 in Summonings
   554 | D        | Reached skill level 5 in Necromancy
   554 | D        | Reached skill level 5 in Translocations
   554 | D        | Reached skill level 5 in Transmutations
   554 | D        | Reached skill level 5 in Fire Magic
   554 | D        | Reached skill level 5 in Ice Magic
   554 | D        | Reached skill level 5 in Air Magic
   554 | D        | Reached skill level 5 in Earth Magic
   554 | D        | Reached skill level 5 in Poison Magic
   554 | D        | Reached XP level 6. HP: 36/49 MP: 0/0
   756 | D        | Noticed a blink frog
   758 | D        | Killed a blink frog
   758 | D        | Reached ***** piety under Makhleb
   759 | D        | Reached XP level 7. HP: 57/57 MP: 0/0
   759 | D        | Learned a level 2 spell: Poisonous Vapours
  1103 | D        | Noticed a warg
  1103 | D        | Noticed a boulder beetle
  1177 | D        | Noticed a redback
  1186 | D        | Killed a redback
  1198 | D        | Noticed a flayed ghost
  1198 | D        | Noticed a snapping turtle
  1198 | D        | Noticed a cyclops
  1215 | D        | Slain by a flayed ghost

Illustrated notes

Levels and vault maps discovered:
D:        pitsprint [storerooms_1, entrance_room_1, metal_vault_3, armoury_1,
          mini_pit_1, grid_room_1, main_hall_1, silver_pit, the_coven_2,
          the_vestibule_1, steel_vault_3, golden_pit, hallway_of_sentries,
          crystal_vault_6, iron_vault_2, final_vault]

Skill      XL: |  1  2  3  4  5  6  7 |
---------------+----------------------+-----
Spellcasting   | 4 5 6 |  6.5
Conjurations   | 4 5 6 |  6.5
Hexes          | 4 5 6 |  6.5
Summonings     | 4 5 6 |  6.5
Necromancy     | 4 5 6 |  6.5
Translocations | 4 5 6 |  6.5
Transmutations | 4 5 6 |  6.5
Fire Magic     | 4 5 6 |  6.5
Ice Magic      | 4 5 6 |  6.5
Air Magic      | 4 5 6 |  6.5
Earth Magic    | 4 5 6 |  6.5
Poison Magic   | 4 5 6 |  6.5
Stealth        | 2 |  2.1
Dodging        | 3 4 6 7 |  7.9
Fighting       | 1 2 3 5 6 7 |  7.8
Long Blades    | 1 2 4 6 7 |  7.0
Invocations    | 2 3 |  3.6

Action                     |  1- 3 |  4- 6 |  7- 9 || total
---------------------------+-------+-------+-------++-------
  Melee: Falchion          |     3 |     4 |       ||     7
         Long sword        |       |    17 |    10 ||    27
         Punch             |       |       |     1 ||     1
   Cast: Sandblast         |    13 |    10 |    15 ||    38
    Use: Potion            |     1 |     2 |     1 ||     4
 Armour: Robe              |    12 |    22 |     6 ||    40
  Dodge: Dodged            |     3 |    31 |     8 ||    42

Table legend: (Time is in decaauts)
 A = Elapsed time spent in this place.
 B = Non-inter-level travel time spent in this place.
 C = Inter-level travel time spent in this place.
 D = Time resting spent in this place.
 E = Time spent auto-exploring this place.
 F = Levels seen in this place.
 G = Mean time per level.
                   A        B        C        D        E       F      G
               +--------+--------+--------+--------+--------+-----+--------+
         Total |   1247 |   1190 |     57 |    883 |      0 |   1 | 1247.0 |
       Dungeon |   1247 |   1190 |     57 |    883 |      0 |   1 | 1247.0 |
               +--------+--------+--------+--------+--------+-----+--------+

Top non-repeatable levels by time:
       D: 1247 daAuts
